 Dungeon Crawl Stone Soup version 0.20-a0-915-gb278767 (webtiles) character file.

76 Rrauwl the Skirmisher (level 4, -2/38 HPs)
             Began as a Barachi Monk on Mar 25, 2017.
             Killed by nerve-wracking pain
             ... invoked by Jessica
              (13 damage)
             ... on level 2 of the Dungeon.
             The game lasted 00:05:17 (1175 turns).

Rrauwl the Skirmisher (Barachi Monk)                Turns: 1175, Time: 00:05:20

Health: -2/38      AC:  3    Str: 17    XL:     4   Next: 32%
Magic:  4/4        EV: 14    Int: 11    God:
Gold:   35         SH:  0    Dex: 15    Spells: 3/3 levels left

rFire    . . .     SeeInvis .   d - +0 short sword (venom)
rCold    . . .     Gourm    .   (no shield)
rNeg     . . .     Faith    .   b - +0 robe
rPois    .         Spirit   .   (no helmet)
rElec    .         Reflect  .   (no cloak)
rCorr    .         Harm     .   e - +0 pair of gloves (curse)
MR       .....                  (no boots)
Stlth    ++........             (no amulet)
Regen    0.2/turn               (no ring)
MPRegen  0.1/turn               (no ring)

@: mighty, lethally poisoned (-2 -> -15), very slightly contaminated, hasted,
quick
A: +LOS, swims, slowness 1, strong legs 1
a: Hop


You were on level 2 of the Dungeon.
You were not hungry.

You visited 1 branch of the dungeon, and saw 2 of its levels.

You collected 35 gold pieces.

Inventory:

Hand Weapons
 d - a +0 short sword of venom (weapon)
Missiles
 f - 4 javelins of penetration (quivered)
Armour
 b - a +0 robe (worn)
 e - a cursed +0 pair of gloves (worn)
Scrolls
 g - a scroll of teleportation {unknown}
 h - a scroll of identify {unknown}
 j - a scroll of enchant weapon {unknown}
 l - a scroll of immolation {unknown}
 m - a scroll of fog {unknown}
Potions
 n - a potion of lignification {unknown}
Comestibles
 a - a chunk of flesh
 c - a bread ration


   Skills:
 + Level 4.4 Fighting
   Level 3.7 Long Blades
 + Level 2.1 Armour
 - Level 4.0 Dodging
 - Level 2.3 Stealth


You had 3 spell levels left.
You didn't know any spells.

Dungeon Overview and Level Annotations

Branches:
Dungeon (2/15)

Altars:

Annotations:
D:2 Jessica


Innate Abilities, Weirdness & Mutations

Shadows flee at your approach. (+LOS)
You can swim through water.
You cover ground slowly.
You can hop short distances.


Message History

You hear a shout!
It was a potion of haste.
You feel yourself speed up.
You feel sick. Jessica casts a spell at you. You resist with some effort.
The adder barely misses you.
Jessica points at you and mumbles some strange words.
Pain shoots through your body! The adder bites you.
You are very lightly contaminated with residual magic.
You closely miss the adder.
The adder is severely wounded.
You hit the adder.
You kill the adder!
Your Armour skill increases to level 2!
You feel sick.
It was a potion of might.
You feel very mighty all of a sudden.
* * * LOW HITPOINT WARNING * * *
You feel sick.
Jessica points at you and mumbles some strange words.
Pain shoots through your body!
You die...

######## # #####......######..
####..................
#.....................
#.....................
#......#.....†#.......
#..†...#.....@#.......
+......+........@.....
####....###........#####.
........+....................#
....#...#....................#
............##.....#.........#
............##...............
###.........................
#...........#...#........###


You could see Jessica.

Vanquished Creatures
  3 adders (D:2)
  A worm (D:2)
  3 leopard geckos
  5 giant cockroaches
  9 goblins
  4 hobgoblins
  2 kobolds
  5 bats
  A frilled lizard (D:2)
  6 rats
39 creatures vanquished.

Notes
Turn   | Place    | Note
-------+----------+-------------------------------------------
     0 | D:1      | Rrauwl the Barachi Monk began the quest for the Orb.
     0 | D:1      | Reached XP level 1. HP: 18/18 MP: 1/1
   102 | D:1      | Reached XP level 2. HP: 14/25 MP: 2/2
   482 | D:1      | Reached skill level 1 in Armour
   725 | D:1      | Reached XP level 3. HP: 30/30 MP: 3/3
  1049 | D:2      | Reached XP level 4. HP: 32/37 MP: 4/4
  1163 | D:2      | Noticed Jessica
  1175 | D:2      | Killed from afar by Jessica

Vault maps used:
D:1:      onia_arrival_mini_maze_b
D:2:      wad_crossroads, uniq_crazy_yiuf_cottage, uniq_jessica

Skill      XL: |  1  2  3  4 |
---------------+-------------+-----
Armour         | 1 2 |  2.1
Fighting       | 4 |  4.4
Stealth        | 2 |  2.3
Dodging        | 4 |  4.0
Long Blades    | |  3.7

Action                   |  1- 3 |  4- 6 || total
-------------------------+-------+-------++-------
Melee: Falchion          |     8 |       ||     8
       Short sword       |    87 |    20 ||   107
  Use: Potion            |       |     2 ||     2
 Stab: Sleeping          |     5 |     2 ||     7
  Eat: Chunk             |     1 |       ||     1
Armor: Robe              |    18 |     2 ||    20
Dodge: Dodged            |    62 |     8 ||    70
       Rpst.: Falchion   |     2 |       ||     2
